 Dungeon Crawl Stone Soup version 0.30.0-29-ga12c61a403 (webtiles) character file.

Game seed: 17369746484837595150

79 llamasofponies the Insei (level 4, 0/35 HPs)
             Began as a Draconian Transmuter on June 21, 2023.
             Slain by Crazy Yiuf
             ... wielding a +3 quarterstaff of chaos
              (4 damage)
             ... on level 3 of the Dungeon.
             The game lasted 00:03:08 (2658 turns).

llamasofponies the Insei (Draconian Transmuter)     Turns: 2658, Time: 00:03:09

Health: 0/35       AC:  5    Str: 13    XL:     4   Next: 16%
Magic:  5/7        EV:  6    Int: 13    God:
Gold:   166        SH:  0    Dex: 13    Spells: 4/7 levels left

rFire   . . .        b - staff of conjuration
rCold   . . .        (no shield)
rNeg    . . .        (body armour unavailable)
rPois   .            (helmet currently unavailable)
rElec   .            (no cloak)
rCorr   .            (no gloves)
SInv    .            (boots currently unavailable)
Will    .....        (no amulet)
Stlth   +            (no ring)
HPRegen 0.25/turn    (no ring)
MPRegen 0.10/turn

%: no passive effects
@: appendages (expiring), petrifying, wereblooded, very slow
A: horns 2, talons 2, AC +5, unfitting armour, cold-blooded
a: End Transformation


You were on level 3 of the Dungeon.
You had temporarily grown beastly horns and talons.
You visited 1 branch of the dungeon, and saw 3 of its levels.

You collected 166 gold pieces.

Inventory:

Armour
 j - a +2 robe of positive energy
Magical Staves
 b - a staff of conjuration (weapon)
Scrolls
 f - 2 scrolls of torment {unknown}
 g - 4 scrolls of enchant weapon {unknown}
 h - a scroll of fog {unknown}
 k - 2 scrolls of immolation {unknown}
 m - a scroll of noise {unknown}
 o - 2 scrolls of identify {unknown}
 p - a scroll of fear {unknown}
 r - a scroll of brand weapon {unknown}
Potions
 a - a potion of lignification
 c - a potion of curing {unknown}
 d - a potion of flight {unknown}
 e - 2 potions of might {unknown}
 i - a potion of attraction {unknown}
 l - a potion of mutation {unknown}
 n - a potion of magic {unknown}
 q - a potion of resistance {unknown}


   Skills:
 + Level 1.3 Fighting
 + Level 1.4 Staves
 + Level 2.2 Dodging
 + Level 0.1 Stealth
 + Level 3.5 Unarmed Combat
 + Level 2.3 Spellcasting
 + Level 2.8 Transmutations


You had 4 spell levels left.
You knew the following spells:

 Your Spells              Type           Power      Damage    Failure   Level
a - Beastly Appendage     Tmut           16%        N/A       8%          1
b - Wereblood             Tmut           8%         N/A       12%         2

Your spell library contained the following spells:

 Spells                   Type           Power      Damage    Failure   Level
 Lesser Beckoning         Tloc           2%         N/A       36%         2
 Spider Form              Tmut/Pois      5%         N/A       38%         3
 Gell's Gravitas          Tloc           1%         N/A       58%         3
 Teleport Other           Tloc           1%         N/A       58%         3
 Ice Form                 Ice/Tmut       5%         N/A       80%         4
 Petrify                  Tmut/Erth      5%         N/A       80%         4
 Metabolic Englaciation   Hex/Ice        0%         N/A       100%        5
 Dispersal                Tloc           0%         N/A       100%        6
 Statue Form              Tmut/Erth      3%         N/A       100%        6


Dungeon Overview and Level Annotations

Branches:
Dungeon (3/15)

Altars:
Fedhas
Ru
Trog
Uskayaw

Annotations:
D:3 Crazy Yiuf


Innate Abilities, Weirdness & Mutations

You have temporarily grown beastly horns and talons.
Your plain brown scales are hard. (AC +5)
You cannot fit into any form of body armour.
You are cold-blooded and may be slowed by cold attacks.


Message History

Crazy Yiuf closely misses you. Crazy Yiuf hits you but does no damage.
You hit Crazy Yiuf. Your kick misses Crazy Yiuf.
Crazy Yiuf is moderately wounded.
Crazy Yiuf hits you with a +3 quarterstaff of chaos!
Crazy Yiuf burns you.
You hit Crazy Yiuf but do no damage. You punch Crazy Yiuf.
Crazy Yiuf is heavily wounded.
Crazy Yiuf barely misses you.
You hit Crazy Yiuf.
Crazy Yiuf is heavily wounded.
Your transformation is almost over.
Crazy Yiuf drinks a potion.
Crazy Yiuf seems to speed up.
You hit Crazy Yiuf.
Crazy Yiuf is heavily wounded.
Crazy Yiuf laughs, "Castle forty-two high!"
Crazy Yiuf closely misses you. Crazy Yiuf completely misses you.
You hit Crazy Yiuf but do no damage.
You tail-slap Crazy Yiuf, but do no damage.
Crazy Yiuf is heavily wounded.
Crazy Yiuf closely misses you.
You hit Crazy Yiuf.
Crazy Yiuf is severely wounded.
Crazy Yiuf hits you with a +3 quarterstaff of chaos!
Crazy Yiuf draws strength from your wounds!
Crazy Yiuf misses you.
You barely miss Crazy Yiuf. Your headbutt misses Crazy Yiuf.
Your tail-slap misses Crazy Yiuf.
Crazy Yiuf is lightly wounded.
Crazy Yiuf misses you.
Crazy Yiuf hits you with a +3 quarterstaff of chaos!
* * * LOW HITPOINT WARNING * * *
You are slowing down.
You hit Crazy Yiuf. You tail-slap Crazy Yiuf.
Crazy Yiuf is moderately wounded.
Crazy Yiuf hits you with a +3 quarterstaff of chaos.
* * * LOW HITPOINT WARNING * * *
Crazy Yiuf burns you.
Crazy Yiuf laughs, "Line!"
Crazy Yiuf hits you with a +3 quarterstaff of chaos.
You die...

#####
#..)#
#...# ...
#### #g#
######...
♣♣@♣
#........
♣.♣♣
#........
♣♣.♣
#........
♣.♣♣
#[.......
♣♣.♣♣
#........
♣...♣♣
#......#.
♣....♣
#........
#....#
#.....###
#'..+#
####### #


You could see Crazy Yiuf (fast).

Vanquished Creatures
  3 adders
  A dart slug (D:1)
  2 orcs (D:3)
  6 ball pythons
  4 giant cockroaches
  6 goblins
  6 hobgoblins
  3 quokkas
  3 bats
  3 frilled lizards
  5 kobolds
  3 rats (D:1)
45 creatures vanquished.

Notes
Turn   | Place    | Note
-------+----------+-------------------------------------------
     0 | D:1      | llamasofponies the Draconian Transmuter began the quest for
                  | the Orb.
     0 | D:1      | Reached XP level 1. HP: 16/16 MP: 3/3
   360 | D:1      | Reached XP level 2. HP: 23/23 MP: 5/5
  1535 | D:2      | Reached XP level 3. HP: 28/28 MP: 4/6
  1625 | D:2      | Found a bloodstained altar of Trog.
  1641 | D:2      | Learned a level 2 spell: Wereblood
  2132 | D:3      | Reached skill level 1 in Staves
  2220 | D:3      | Reached XP level 4. HP: 34/35 MP: 5/7
  2270 | D:3      | Found a blossoming altar of Fedhas.
  2278 | D:3      | Found a sacrificial altar of Ru.
  2523 | D:3      | Found a runed translucent door.
  2524 | D:3      | Noticed Crazy Yiuf
  2581 | D:3      | Found a hide-covered altar of Uskayaw.
  2658 | D:3      | Slain by Crazy Yiuf

Illustrated notes

Levels and vault maps discovered:
D:1:      ldierk_walled_garden_2, layout_basic, roderic_roman_lattice
D:2:      layout_basic, basic_altar
D:3:      layout_rooms, lemuel_crystal_altar, jmf_multi_god_temple,
          uniq_crazy_yiuf_cottage

Skill      XL: |  1  2  3 |
---------------+----------+-----
Dodging        | 2 |  2.2
Staves         | 1 |  1.4
Fighting       | |  1.3
Stealth        | |  0.1
Unarmed Combat | |  3.5
Spellcasting   | |  2.3
Transmutations | |  2.8

Action                     |  1- 3 |  4- 6 || total
---------------------------+-------+-------++-------
  Melee: Staff             |   114 |    24 ||   138
         Unarmed           |     4 |       ||     4
         Kick              |    15 |     5 ||    20
         Tailslap          |    13 |     6 ||    19
         Headbutt          |     5 |     3 ||     8
         Punch             |     1 |     1 ||     2
   Cast: Beastly Appendage |    20 |     5 ||    25
         Wereblood         |       |     1 ||     1
 Armour: Skin              |    41 |     4 ||    45
  Dodge: Dodged            |    95 |    19 ||   114
